AoeStats
← Pave

Arabia

507805284Analyzed
2v2 RM · 12d ago on Sep 19, 2026· 40m 22s· 4 players
Game mode
Random Map
Map size
Medium (4 player)
Population
200
Speed
Normal
Resources
Standard
Victory
Conquest
Starting age
Dark Age
Ending age
Imperial Age
RankedLock teamsTeams togetherTeam positionsShared explorationLock speedFull tech treeHidden civsTurbo modeCheats
Victory
Defeat
🇸🇪 Ethiopians · Sweden
1239
+18
🇸🇪 Persians · Sweden
1237
+18
🇩🇪 Magyars · Germany
1320
-20
🇩🇪 Ethiopians · Germany
1224
-16
Jollanboll
7:07 Loom
9:55 Feudal Age
10:36 Double-Bit Axe
16:24 Forging
17:36 Wheelbarrow
20:44 Castle Age
18:44 Gold Mining
19:05 Horse Collar
19:42 Bloodlines
20:02 Scale Barding Armor
21:38 Bow Saw
22:34 Husbandry
25:01 Hand Cart
25:19 Town Watch
33:07 Iron Casting
32:53 Chain Barding Armor
35:27 Heavy Plow
37:01 Gold Shaft Mining
36:18 Stone Mining
Pave
7:58 Loom
10:07 Feudal Age
10:39 Double-Bit Axe
12:49 Fletching
20:47 Horse Collar
22:43 Padded Archer Armor
24:19 Gold Mining
25:18 Wheelbarrow
28:09 Castle Age
27:29 Scale Mail Armor
28:12 Crossbowman
31:27 Bow Saw
33:09 Squires
33:05 Bodkin Arrow
37:43 Ballistics
BigBones_27
9:45 Feudal Age
11:07 Double-Bit Axe
11:36 Loom
12:12 Fletching
12:49 Horse Collar
20:58 Padded Archer Armor
25:42 Castle Age
24:42 Gold Mining
25:00 Scale Mail Armor
26:13 Crossbowman
27:53 Elite Skirmisher
28:37 Bodkin Arrow
28:58 Leather Archer Armor
28:54 Forging
33:21 Heavy Plow
33:40 Bow Saw
34:16 Wheelbarrow
35:06 Ballistics
38:00 Chain Mail Armor
38:20 Iron Casting
Dschinges Khan
6:29 Loom
9:06 Feudal Age
10:00 Double-Bit Axe
16:05 Scale Barding Armor
17:54 Wheelbarrow
20:52 Castle Age
19:39 Gold Mining
20:55 Bloodlines
22:36 Gold Shaft Mining
25:09 Pikeman
26:01 Scale Mail Armor
26:44 Chain Barding Armor
27:44 Pikeman
32:03 Hand Cart
36:10 Town Watch
Connection lost

Rejoining the realm…

Still unreachable

The connection could not be restored.

Session expired

The server has moved on; the page needs a fresh start.